 Dungeon Crawl Stone Soup version 0.30-a0-778-g2ef04afb54 (webtiles) character file.

Game seed: 6069607151973697934

2 sircluck the Charlatan (level 1, -2/12 HPs)
             Began as a Kobold Artificer on Feb 15, 2023.
             Slain by a kobold
             ... wielding a +4 whip
              (4 damage)
             ... on level 1 of the Dungeon.
             The game lasted 00:00:18 (187 turns).

sircluck the Charlatan (Kobold Artificer)            Turns: 187, Time: 00:00:19

Health: -2/12      AC:  3    Str:  9    XL:     1   Next: 33%
Magic:  1/1        EV: 14    Int: 12    God:
Gold:   0          SH:  0    Dex: 15    Spells: 0/0 levels left

rFire   . . .      SeeInvis .    a - +0 club
rCold   . . .      Faith    .    (no shield)
rNeg    . . .      Spirit   .    b - +0 leather armour
rPois   .          Reflect  .    (no helmet)
rElec   .          Harm     .    (no cloak)
rCorr   .          Rampage  .    (no gloves)
Will    .....                    (no boots)
Stlth   +++                      (no amulet)
HPRegen 0.22/turn                (no ring)
MPRegen 0.07/turn                (no ring)

@: no status effects
A: small, no large weapons, nightstalker 3
a: no special abilities


You were on level 1 of the Dungeon.
You visited 1 branch of the dungeon, and saw 1 of its levels.

Inventory:

Hand Weapons
 a - a +0 club (weapon)
Missiles
 f - 5 stones
Armour
 b - a +0 leather armour (worn)
Wands
 c - a wand of flame (15) (quivered)
 d - a wand of charming (15)
 e - a wand of iceblast (5)
Scrolls
 h - a scroll of teleportation {unknown}
Potions
 g - a potion of haste {unknown}


   Skills:
 + Level 1.1 Fighting
 + Level 0.7 Armour
 + Level 2.6 Dodging
 + Level 1.3 Stealth
 + Level 3.7 Evocations


You couldn't memorise any spells.
You didn't know any spells.
Your spell library was empty.

Dungeon Overview and Level Annotations

Branches:
Dungeon (1/15)

Altars:


Innate Abilities, Weirdness & Mutations

You are small and have problems with some larger weapons.
You are completely attuned to the shadows.


Message History

A kobold is nearby!
Found a stone staircase leading down.
The helpless kobold fails to defend itself.
You hit the kobold.
The kobold is heavily wounded.
The kobold hits you with a +4 whip.
You hit the kobold but do no damage.
The kobold is heavily wounded.
The kobold hits you with a +4 whip.
You barely miss the kobold.
The kobold is heavily wounded.
The kobold closely misses you. The kobold misses you.
You hit the kobold.
The kobold is severely wounded.
The kobold hits you with a +4 whip.
You are too injured to fight recklessly!
You are too injured to fight recklessly!
You are too injured to fight recklessly!
You are too injured to fight recklessly!
You are too injured to fight recklessly!
You are too injured to fight recklessly!
You are too injured to fight recklessly!
You are too injured to fight recklessly!
You are too injured to fight recklessly!
You are too injured to fight recklessly!
You are too injured to fight recklessly!
You are too injured to fight recklessly!
You are too injured to fight recklessly!
You are too injured to fight recklessly!
You are too injured to fight recklessly!
You are too injured to fight recklessly!
You are too injured to fight recklessly!
You hit the kobold but do no damage.
The kobold is severely wounded.
The kobold hits you with a +4 whip.
* * * LOW HITPOINT WARNING * * *
You completely miss the kobold.
The kobold is severely wounded.
The kobold hits you with a +4 whip.
You die...

#######.######.####.#
####.######......#
#........##..##..#
#.#..###.##..#...#
#.#........).....#
#.#.####.####....#
#.#..... #..####
#...###### ###.##
###.# #K@.# ...
#..### ### #.# ... >#


You could see a kobold.

Vanquished Creatures
  A goblin (D:1)
  A rat (D:1)
2 creatures vanquished.

Notes
Turn   | Place    | Note
-------+----------+-------------------------------------------
     0 | D:1      | sircluck the Kobold Artificer began the quest for the Orb.
     0 | D:1      | Reached XP level 1. HP: 12/12 MP: 1/1
   187 | D:1      | Slain by a kobold

Illustrated notes

Levels and vault maps discovered:
D:1:      lemuel_arrival_room, layout_basic

Action                     || total
---------------------------++-------
  Melee: Club              ||    13
   Stab: Sleeping          ||     2
 Armour: Leather armour    ||     1
  Dodge: Dodged            ||     7

Table legend: (Time is in decaauts)
 A = Elapsed time spent in this place.
 B = Non-inter-level travel time spent in this place.
 C = Inter-level travel time spent in this place.
 D = Time resting spent in this place.
 E = Time spent auto-exploring this place.
 F = Levels seen in this place.
 G = Mean time per level.
                   A        B        C        D        E       F      G
               +--------+--------+--------+--------+--------+-----+--------+
         Total |    190 |    190 |      0 |      0 |    131 |   1 |  190.0 |
       Dungeon |    190 |    190 |      0 |      0 |    131 |   1 |  190.0 |
               +--------+--------+--------+--------+--------+-----+--------+

Top non-repeatable levels by time:
     D:1: 190 daAuts
